 Dungeon Crawl Stone Soup version 0.28.0 (webtiles) character file.

Game seed: 880682797637483096

195 SomeFlowers the Firebug (level 5, 0/40 HPs)
             Began as a Troll Fire Elementalist on Feb 13, 2022.
             Was a Believer of Hepliaklqana.
             Slain by an orc warrior (13 damage)
             ... on level 3 of the Dungeon.
             The game lasted 00:04:59 (2134 turns).

SomeFlowers the Firebug (Troll Fire Elementalist)   Turns: 2134, Time: 00:05:00

Health: 0/40       AC:  4    Str: 18    XL:     5   Next: 45%
Magic:  5/5        EV:  9    Int: 11    God:    Hepliaklqana [**....]
Gold:   83         SH:  0    Dex: 10    Spells: 5/6 levels left

rFire   . . .      SeeInvis .     - Unarmed
rCold   . . .      Faith    .   (no shield)
rNeg    . . .      Spirit   .   a - +0 robe
rPois   .          Reflect  .   (helmet restricted)
rElec   .          Harm     .   (no cloak)
rCorr   .          Rampage  .   (gloves unavailable)
Will    .....                   (boots unavailable)
Stlth   +.........              (no amulet)
HPRegen 0.93/turn               f - ring of flight
MPRegen 0.09/turn               (no ring)

@: flying
A: reduced essence, large, unfitting armour, claws 3, regeneration 1, shaggy fur
1, tough skin 1
a: Renounce Religion, Recall Ancestor, Ancestor Identity


You were on level 3 of the Dungeon.
You worshipped Hepliaklqana.
Hepliaklqana was pleased with you.
You visited 1 branch of the dungeon, and saw 3 of its levels.

You collected 83 gold pieces.

Inventory:

Hand Weapons
 k - a +0 club
 n - a +0 mace
Armour
 a - a +0 robe (worn)
Jewellery
 f - a ring of flight (left claw)
Scrolls
 b - a scroll of silence {unknown}
 d - 2 scrolls of amnesia {unknown}
 g - 5 scrolls of identify {unknown}
 l - a scroll of vulnerability {unknown}
Potions
 c - 2 potions of curing {unknown}
 e - a potion of heal wounds {unknown}
 h - 2 potions of resistance {unknown}
 i - a potion of attraction {unknown}
 j - a potion of might {unknown}
 m - a potion of cancellation {unknown}
 o - a potion of brilliance {unknown}


   Skills:
 * Level 1.6 Maces & Flails
 - Level 1.5 Dodging
 - Level 1.0 Stealth
 - Level 1.0 Unarmed Combat
 - Level 1.2 Spellcasting
 - Level 0.6 Conjurations
 + Level 4.2 Fire Magic


You had 5 spell levels left.
You knew the following spells:

 Your Spells              Type           Power      Damage    Failure   Level
a - Foxfire               Conj/Fire      24%        2x1d5     12%         1

Your spell library contained the following spells:

 Spells                   Type           Power      Damage    Failure   Level
 Scorch                   Fire           20%        2d6       9%          2
 Animate Skeleton         Necr           0%         N/A       32%         1
 Summon Small Mammal      Summ           0%         N/A       32%         1
 Conjure Flame            Conj/Fire      6%         6-21      34%         3
 Inner Flame              Hex/Fire       5%         N/A       36%         3
 Corpse Rot               Necr/Air       0%         N/A       43%         2
 Ensorcelled Hibernation  Hex/Ice        0%         N/A       43%         2
 Poisonous Vapours        Pois/Air       0%         N/A       43%         2
 Call Canine Familiar     Summ           0%         N/A       67%         3
 Spider Form              Tmut/Pois      0%         N/A       67%         3
 Summon Guardian Golem    Hex/Summ       0%         N/A       67%         3
 Flame Wave               Conj/Fire      6%         2d5       75%         4
 Anguish                  Hex/Necr       0%         N/A       97%         4


Dungeon Overview and Level Annotations

Branches:
Dungeon (3/15)

Altars:
Dithmenos
Hepliaklqana
Makhleb
Zin


Innate Abilities, Weirdness & Mutations

Your life essence is reduced to manifest your ancestor. (-10% HP)
You are too large for most types of armour.
You have claws for hands.
Your natural rate of healing is unusually fast.
You are covered in fur. (AC +1)
You have tough skin. (AC +1)


Message History

You barely miss the hobgoblin.
The hobgoblin is severely wounded.
The hobgoblin hits you but does no damage.
You completely miss the hobgoblin.
The hobgoblin is severely wounded.
Lucius gestures at the hobgoblin while chanting.
The hobgoblin seems to slow down.
The hobgoblin barely misses you.
You claw the hobgoblin!
You kill the hobgoblin!
You barely miss the worm. The worm bites you.
You scratch the worm.
The worm is lightly wounded.
Lucius gestures at the worm while chanting.
The worm appears confused.
You claw the worm!
The worm is severely wounded.
You claw the worm!
You kill the worm!
You see here a hobgoblin corpse.
An orc warrior comes into view. It is wielding a +0 halberd.
The orc warrior shouts!
The orc warrior hits you from afar with a +0 halberd!
The orc warrior misses you.
You claw the orc warrior!
The orc warrior is moderately wounded.
The orc warrior completely misses you.
You scratch the orc warrior.
The orc warrior is moderately wounded.
The orc warrior hits you with a +0 halberd.
You closely miss the orc warrior.
The orc warrior is moderately wounded.
The orc warrior hits you with a +0 halberd!
The orc warrior hits you with a +0 halberd!
* * * LOW HITPOINT WARNING * * *
Something barely misses Lucius.
Something hits Lucius!
Lucius casts a spell at the orc warrior.
The orc warrior resists with some effort.
The orc warrior hits you from afar with a +0 halberd!
You die...

#...#####...#......
#...#†# #..........
### #.# #.........<
#...#.# #..........
#...##+##...#......
#..##+.....+##.......
## #.##..# .......
#..###o.#..# .......
#.@.#R# #...#...#
#########


You could see an orc warrior.

Vanquished Creatures
  An orc wizard (D:3)
  3 gnolls
  5 adders (D:2)
  A worm (D:3)
  2 orcs (D:3)
  9 endoplasms
  5 giant cockroaches
  6 goblins
  7 hobgoblins
  4 jackals
  4 ball pythons
  6 bats
  3 frilled lizards
  5 kobolds
  4 rats
65 creatures vanquished.

Vanquished Creatures (collateral kills)
  A worm (D:3)
  An orc (D:3)
  A ball python (D:3)
  2 bats
  4 endoplasms
  A goblin (D:3)
  A hobgoblin (D:3)
  A jackal (D:3)
  A kobold (D:3)
  3 quokkas
  A frilled lizard (D:3)
17 creatures vanquished.

Vanquished Creatures (others)
  2 foxfires (D:2)
  A fungus (D:1)
3 creatures vanquished.

Grand Total: 85 creatures vanquished

Notes
Turn   | Place    | Note
-------+----------+-------------------------------------------
     0 | D:1      | SomeFlowers the Troll Fire Elementalist began the quest for
                  | the Orb.
     0 | D:1      | Reached XP level 1. HP: 16/16 MP: 1/1
    50 | D:1      | Reached XP level 2. HP: 14/24 MP: 2/2
   185 | D:1      | Reached skill level 1 in Unarmed Combat
   294 | D:1      | Found a faded altar of an unknown god.
   310 | D:1      | Got Plato's Disquisition on Sinister Rituals
   320 | D:1      | Prayed at the altar of an unknown god.
   320 | D:1      | Became a worshipper of Hepliaklqana the Forgotten
   320 | D:1      | Reached * piety under Hepliaklqana
   566 | D:1      | Reached skill level 3 in Fire Magic
   566 | D:1      | Reached XP level 3. HP: 25/27 MP: 3/3
   848 | D:2      | Reached XP level 4. HP: 30/35 MP: 4/4
  1084 | D:2      | Reached ** piety under Hepliaklqana
  1085 | D:2      | Remembered your ancestor Lucius as a hexer
  1583 | D:3      | Reached skill level 4 in Fire Magic
  1798 | D:3      | Reached XP level 5. HP: 16/39 MP: 5/5
  1803 | D:2      | Reached skill level 1 in Maces & Flails
  1891 | D:3      | Found a glowing silver altar of Zin.
  1917 | D:3      | Found a shadowy altar of Dithmenos.
  1973 | D:3      | Found a burning altar of Makhleb.
  2124 | D:3      | Noticed an orc warrior
  2134 | D:3      | Slain by an orc warrior

Illustrated notes

Levels and vault maps discovered:
D:1:      lightli_arrival_lavapool, layout_loops_cross,
          shapermc_ecumenical_altar_rom_forum, hangedman_decor_lopped,
          minmay_close_crescents
D:2:      layout_basic, mrwooster_statue_mirror, minmay_tetromino_t4
D:3:      layout_rooms, gammafunk_temple_overflow_statue,
          lemuel_coloured_pillars_altar, mainiacjoe_overflow_swirl,
          corexii_leaking_fountain, minmay_strange_pillars,
          minmay_fractal_squares_diagonal_5

Skill      XL: |  1  2  3  4  5 |
---------------+----------------+-----
Unarmed Combat | 1 |  1.0
Fire Magic     | 3 4 |  4.2
Maces & Flails | 1 |  1.6
Dodging        | |  1.5
Stealth        | |  1.0
Spellcasting   | |  1.2
Conjurations   | |  0.6

Action                   |  1- 3 |  4- 6 || total
-------------------------+-------+-------++-------
Melee: Unarmed           |    98 |    76 ||   174
       Punch             |     2 |     1 ||     3
       Mace              |       |    33 ||    33
 Cast: Foxfire           |       |     1 ||     1
Invok: Ancestor Life: He |       |     1 ||     1
 Stab: Sleeping          |     4 |     2 ||     6
Armor: Robe              |    62 |    50 ||   112
Dodge: Dodged            |    78 |    52 ||   130
